 Dungeon Crawl Stone Soup version 0.17-a0-628-g54c4a4d (webtiles) character file.

102 Sixotanaka the Conjurer (level 4, -2/24 HPs)
             Began as a Tengu Air Elementalist on Apr 16, 2015.
             Slain by a giant frog skeleton (3 damage)
             ... on level 4 of the Dungeon.
             The game lasted 00:08:35 (3870 turns).

Sixotanaka the Conjurer (Tengu Air Elementalist)    Turns: 3870, Time: 00:08:35

Health: -2/24      AC:  2    Str:  8    XL:     4   Next: 77%
Magic:  4/8        EV: 12    Int: 17    God:
Gold:   165        SH:  0    Dex: 14    Spells: 1 memorised, 6 levels left

rFire  . . .     SeeInvis .     w - +0 blowgun
rCold  . . .     Clarity  .     a - +0 robe
rNeg   . . .     SustAb   .     (no shield)
rPois  .         Gourm    +     (helmet restricted)
rElec  .         Spirit   .     (no cloak)
rCorr  .         Warding  .     (no gloves)
rMut   .         Stasis   .     (boots unavailable)
MR     .....                    u - amulet of the gourmand
Stlth  ++........               (no ring)
                                (no ring)

@: very slightly contaminated, not resistant to hostile enchantments, unstealthy
A: beak, talons 3
a: no special abilities


You were on level 4 of the Dungeon.
You were very full.

You visited 1 branch of the dungeon, and saw 4 of its levels.

You collected 165 gold pieces.


Innate Abilities, Weirdness & Mutations

You have a beak for a mouth.
You have claws for feet.


   Skills:
 - Level 2.1 Dodging
 - Level 2.0 Stealth
 - Level 2.0 Spellcasting
 + Level 5.8 Conjurations
 - Level 4.0 Air Magic


You had 6 spell levels left.
You knew the following spells:

 Your Spells              Type           Power        Failure   Level  Hunger
z - Shock                 Conj/Air       ###.         2%          1    #......


Dungeon Overview and Level Annotations

Branches:
Dungeon (4/15)
 Temple: D:4-7

Altars:
Cheibriados
Elyvilon
Qazlal
Sif Muna

Annotations:
D:3 Sigmund

Inventory:

Hand weapons
 d - a +0 whip
 k - a +1 dagger of draining
   (You found it on level 2 of the Dungeon)
 q - a cursed -3 dagger
 w - a +0 blowgun (weapon)
 x - a +0 dagger of draining
   (You took it off a goblin on level 3 of the Dungeon)
Missiles
 e - 151 stones
 n - 9 poisoned needles (quivered)
Armour
 a - a +0 robe (worn)
Jewellery
 u - an amulet of the gourmand (around neck)
Magical devices
 s - a wand of hasting (4) {@v3}
Scrolls
 g - a scroll of teleportation {unknown}
 j - a scroll of enchant weapon {unknown}
 l - a scroll of fog {unknown}
 o - 2 scrolls of random uselessness {unknown}
 r - a scroll of noise {unknown}
 t - 2 scrolls of amnesia {unknown}
Potions
 f - 3 potions of ambrosia {unknown}
 h - a potion of mutation {unknown}
 i - a potion of flight {unknown}
 m - a potion of haste {unknown}
 p - a potion of poison {unknown}
 v - a potion of restore abilities {unknown}
Books
 b - a book of Air
Comestibles
 c - a bread ration

....# ....# .)..#
....#
....################
#..................#
#..................#
#..............(Z..#
#...............@..#
#.#.####......)....#
#.#.# #...........#
#.#?# #...........#
#.#Z# #...........#
#.# #..<........#
... #......!....##
... #.............
... #######.######


You could see a giant frog skeleton.


Message History

Level annotation: Sigmund
There is a stone staircase leading down here.
Okay, then.
Saving game... please wait.
Level annotation: Sigmund Welcome back, Sixotanaka the Tengu Air Elementalist.
You climb downwards.
There is a stone staircase leading up, spattered with blood here.
Okay, then.
You now have 152 gold pieces (gained 10).
A giant cockroach comes into view.
Found 13 gold pieces.
Aim: a giant cockroach (resting)
You shoot a poisoned needle.
The helpless giant cockroach fails to defend itself.
The poisoned needle hits the giant cockroach in a vulnerable spot!
The giant cockroach is poisoned.
Aim: a giant cockroach (heavily wounded, poisoned)
You shoot a poisoned needle.
The poisoned needle hits the giant cockroach.
The giant cockroach looks even sicker.
You kill the giant cockroach!
A giant frog skeleton is nearby!
You start waiting.
Done waiting.
Found a mace.
Found a scroll labeled VAIJOTA SAUMPUF.
You now have 165 gold pieces (gained 13).
A giant frog skeleton comes into view.
A giant frog skeleton is nearby!
Casting: Shock
Aiming: Shock
Aim: a giant frog skeleton That beam is likely to hit you.
Continue anyway?
The zap hits the giant frog skeleton. x2
The zap hits you!
Casting: Shock
Aiming: Shock
Aim: a giant frog skeleton That beam is likely to hit you.
Continue anyway?
Uppercase [Y]es or [N]o only, please.
That beam is likely to hit you.
Continue anyway?
The zap hits the giant frog skeleton. x2
The zap hits you! The giant frog skeleton hits you.
* * * LOW HITPOINT WARNING * * *
Casting: Shock
Aiming: Shock
Aim: a giant frog skeleton The zap hits the giant frog skeleton.
The giant frog skeleton barely misses you.
The giant frog skeleton hits you.
* * * LOW HITPOINT WARNING * * *
Casting: Shock
Aiming: Shock
Aim: a giant frog skeleton You miscast Shock.
You are very lightly contaminated with residual magic.
Nothing appears to happen.
The giant frog skeleton closely misses you.
Casting: Shock
Aiming: Shock
Aim: a giant frog skeleton The zap hits the giant frog skeleton.
The giant frog skeleton hits you.
* * * LOW HITPOINT WARNING * * *
The giant frog skeleton barely misses you.
You see here a poisoned needle.
The giant frog skeleton hits you.
* * * LOW HITPOINT WARNING * * *
The giant frog skeleton hits you.
You die...

Action                   |  1- 3 |  4- 6 || total
-------------------------+-------+-------++-------
Melee: Whip              |    15 |     3 ||    18
 Fire: Blowgun           |       |     7 ||     7
Throw: Stone             |     1 |       ||     1
 Cast: Shock             |   103 |    37 ||   140
 Stab: Sleeping          |     1 |     2 ||     3
  Eat: Chunk             |     8 |     6 ||    14
       Bread ration      |       |     1 ||     1

Vault maps used:
D:1:      eino_arrival_druids_welcome, serial_corexii_hall,
          corexii_hall_statues_x, corexii_hall_statues_i
D:2:      elyvilon_altar_5, lemuel_statue_altar
D:3:      overflow_temple_1_default, lemuel_blue_sif_altar, uniq_sigmund
D:4:      minmay_temple_entry_mist, minmay_misc_feat_iff, uniq_pikel,
          uniq_grinder

Notes
Turn   | Place    | Note
--------------------------------------------------------------
     0 | D:1      | Sixotanaka, the Tengu Air Elementalist, began the quest for the Orb.
     0 | D:1      | Reached XP level 1. HP: 10/10 MP: 4/4
   167 | D:1      | Reached skill level 2 in Conjurations
   400 | D:1      | Reached XP level 2. HP: 15/15 MP: 1/6
   524 | D:1      | Reached skill level 3 in Conjurations
   587 | D:1      | HP: 3/15 [hobgoblin/club (3)]
  1573 | D:2      | Found a snail-covered altar of Cheibriados.
  1612 | D:2      | Reached XP level 3. HP: 19/19 MP: 2/7
  1753 | D:2      | Reached skill level 4 in Conjurations
  1826 | D:2      | Found a white marble altar of Elyvilon.
  2532 | D:3      | Found a stormy altar of Qazlal.
  2763 | D:3      | Reached XP level 4. HP: 21/24 MP: 4/8
  2868 | D:3      | Reached skill level 5 in Conjurations
  3173 | D:3      | Found a deep blue altar of Sif Muna.
  3411 | D:3      | Noticed Sigmund
  3531 | D:4      | Noticed a slave
  3532 | D:4      | Noticed a slave
  3551 | D:3      | Killed a slave
  3722 | D:3      | Upgraded the game from 0.17-a0-625-gdc1cddb to 0.17-a0-628-g54c4a4d
  3864 | D:4      | HP: 5/24 [giant frog skeleton (6)]
  3870 | D:4      | HP: 1/24 [giant frog skeleton (4)]
  3870 | D:4      | Slain by a giant frog skeleton

Vanquished Creatures
  A slave (D:3)
  An orc wizard (D:3)
  An adder (D:2)
  2 worms (D:2)
  5 orcs
  A ball python (D:2)
  5 giant cockroaches
  5 hobgoblins
  6 bats
  2 giant geckos (D:1)
  A giant newt (D:1)
  7 goblins
  9 kobolds
  11 rats
57 creatures vanquished.
